[Event "*** Titled Tuesday Blitz"]
[Site "Chess.com"]
[Date "2019.03.05"]
[Round "8"]
[White "b_6"]
[Black "Korchmar_Vasiliy"]
[Result "0-1"]
[WhiteElo "2437"]
[BlackElo "2769"]
[TimeControl "180+2"]
[EndTime "14:58:36 PST"]
[Termination "Korchmar_Vasiliy won by resignation"]

1. d4 Nf6 2. Bf4 d5 3. e3 c5 4. c3 Nc6 5. Nd2 Bf5 6. Ngf3 Qb6 7. Nh4 Bg4 8. Qb3 c4 9. Qc2 h6 10. h3 Bd7 11. Nhf3 g6 12. g4 h5 13. g5 Bf5 14. Qc1 Nd7 15. Nh4 Be6 16. b3 cxb3 17. axb3 Rc8 18. Qb2 Bg7 19. Bd3 O-O 20. Kf1 Rfe8 21.
Kg2 Nf8 22. b4 Bd7 23. b5 e5 24. Bg3 exd4 25. cxd4 Nxd4 26. exd4 Bxd4 27. Qa2 Bxa1 28.
Rxa1 Bxb5 29. Bxb5 Qxb5 30. Qxa7 Rc2 31. Nhf3 Ne6 32.
Qe3 Ng7 33. Qb3 Qxb3 34. Nxb3 Nf5 35. Nfd4 Nxd4 36. Nxd4 Rc4 37. Nf3 b5 38. Rd1 Rd8 39.
Be5 b4 40. Bd4 b3 41. Rb1 Rb8 42. Kf1 Rc2 43. Ke1 b2 44. Kd1 Rc4 45. Bxb2 Rf4 46.
Nd2 Rxf2 47. Kc2 Rh2 48. Ra1 Rxb2+ 49. Kxb2 Rxd2+ 50. Kc3 Rh2 51. Kd4 Rxh3 52. Kxd5 Rg3 0-1

[Event "*** Titled Tuesday Blitz"]
[Site "Chess.com"]
[Date "2019.03.05"]
[Round "8"]
[White "Hieronymus00"]
[Black "almaguerjm"]
[Result "1-0"]
[WhiteElo "2213"]
[BlackElo "2304"]
[TimeControl "180+2"]
[EndTime "14:58:36 PST"]
[Termination "Hieronymus00 won by checkmate"]

1. e4 c5 2. Nf3 Nc6 3. d4 cxd4 4. Nxd4 Nf6 5. Nc3 e5 6. Ndb5 d6 7. Bg5 a6 8. Na3 b5 9. Bxf6 gxf6 10. Nd5 Bg7 11.
Bd3 Ne7 12. Nxe7 Qxe7 13. O-O Be6 14. c4 O-O 15. cxb5 axb5 16. Nxb5 Kh8 17. a4 d5 18. exd5 Bxd5 19. Bf5 Be6 20. Qh5 Bxf5 21. Qxf5 Qe6 22. Qxe6 fxe6 23. b4 Rfc8 24. Nd6 Rc6 25. Rfd1 Bf8 26. Ne4 f5 27. b5 Rc4 28. Ng5 Rcxa4 29.
Rxa4 Rxa4 30. Nxe6 Kg8 31. g3 Bh6 32. Rd5 f4 33. Rxe5 f3 34. h4 Ra1+ 35. Kh2 Rf1 36. g4 Rxf2+ 37. Kg3 Rf1 38. g5 Bg7 39. Nxg7 Kxg7 40.
Rf5 Rb1 41. Kxf3 Rb4 42. h5 Rh4 43. b6 Rb4 44. Rf6 Rc4 45. h6+ Kg8 46. Rd6 Rb4 47.
Rc6 Kf7 48. Rc7+ Kg8 49. b7 Kh8 50. Rc8# 1-0

[Event "*** Titled Tuesday Blitz"]
[Site "Chess.com"]
[Date "2019.03.05"]
[Round "8"]
[White "Koksik_13"]
[Black "quesfr"]
[Result "1-0"]
[WhiteElo "2642"]
[BlackElo "2239"]
[TimeControl "180+2"]
[EndTime "14:58:40 PST"]
[Termination "Koksik_13 won by resignation"]

1. e4 e6 2. d4 d5 3. Nc3 dxe4 4.
Nxe4 Nd7 5. Nf3 Ngf6 6. Ng3 c5 7.
Bd3 b6 8. O-O Bb7 9. c3 Bd6 10.
Re1 O-O 11. Qc2 Bxf3 12. gxf3 cxd4 13. cxd4 Qc7 14. Qe2 Nd5 15. Bd2 N7f6 16. Rac1 Qd8 17. Ne4 Bf4 18. Kh1 Bxd2 19. Qxd2 Rc8 20. Rg1 Rxc1 21.
Qxc1 Qc7 22. Qg5 Ne8 23. Qh4 Qf4 24. Qh3 h6 25. Rg4 Qc1+ 26. Rg1 Qf4 27. Qg2 Kh8 28. Ng3 Rg8 29. Be4 Nef6 30. Ne2 Qd2 31. Ng3 Qxd4 32.
Bxd5 Nxd5 33. Ne4 Qe5 34. Qg3 Qxg3 35. hxg3 Rd8 36. Rc1 Kg8 37. Kg2 Kf8 38. g4 Ke7 39. Kg3 Kd7 40. f4 Rc8 41. Rd1 Ke7 42. Rd2 Rc1 43. f5 Rg1+ 44. Kf3 Ra1 45. a3 Rh1 46. Kg3 Rg1+ 47. Kf3 Rc1 48. Ng3 Rc4 49. Ne4 Rc8 50. Ng3 Rc7 51. Re2 Kd6 52. Nh5 g6 53. Ng3 gxf5 54.
gxf5 Nf6 55. Kg2 Rc4 56. Rd2+ Ke7 57. Re2 Rf4 58. Rc2 exf5 59. Rc7+ Kf8 60. Rxa7 Ne4 61.
Ra8+ Ke7 62. Ra7+ Ke6 63. Nxe4 fxe4 64. Ra6 Rf6 65. Rxb6+ Kf5 66. Rxf6+ Kxf6 67. a4 Ke6 68. a5 Kd6 69. Kg3 h5 70. Kh4 f5 71. Kxh5 f4 72. Kg4 e3 73. fxe3 fxe3 74. Kf3 1-0

[Event "*** Titled Tuesday Blitz"]
[Site "Chess.com"]
[Date "2019.03.05"]
[Round "8"]
[White "Caterpiller35"]
[Black "BIG_Pirate"]
[Result "1-0"]
[WhiteElo "2349"]
[BlackElo "2364"]
[TimeControl "180+2"]
[EndTime "14:58:47 PST"]
[Termination "Caterpiller35 won by resignation"]

1. d4 d5 2. Bf4 Nf6 3. e3 c5 4. c3 Qb6 5. Qb3 Nc6 6. Nd2 Bf5 7. dxc5 Qxb3 8. axb3 e5 9. Bg3 Bxc5 10. Ngf3 Nd7 11. b4 Bd6 12. Bb5 f6 13. O-O Ke7 14. Rfe1 a6 15. Bxc6 bxc6 16. e4 Be6 17. Ra5 Bc7 18.
Ra3 a5 19. Rea1 Rhb8 20. exd5 cxd5 21. Nd4 Ra6 22. b5 Raa8 23. Nc6+ Kd6 24. Nxb8 Rxb8 25. b3 Rxb5 26. c4 Rc5 27. f4 dxc4 28. Ne4+ Kc6 29.
Nxc5 Nxc5 30. bxc4 exf4 31. Bf2 Ne4 32. Be1 Bb6+ 33.
Kh1 Bxc4 34. Rc1 Kd5 35. Ra4 Bb5 36. Rd1+ Ke5 37. Raa1 Bc6 38. Rdb1 Bc7 39. Bxa5 Bd6 40. Be1 Bd5 41. Ra5 Ke6 42. Rb6 f3 43. gxf3 Ng5 44.
Raa6 Bxf3+ 45. Kg1 Ne4 46. Bg3 Nxg3 47. hxg3 Kf5 48. Rxd6 1-0

[Event "*** Titled Tuesday Blitz"]
[Site "Chess.com"]
[Date "2019.03.05"]
[Round "8"]
[White "Hikaru"]
[Black "KhalilMousavi77"]
[Result "1-0"]
[WhiteElo "3126"]
[BlackElo "2691"]
[TimeControl "180+2"]
[EndTime "14:58:50 PST"]
[Termination "Hikaru won by resignation"]

1. Nf3 Nf6 2. b3 d6 3. Bb2 e5 4. e3 c5 5. Nc3 Nc6 6. Bb5 Bd7 7.
O-O Be7 8. Re1 O-O 9. d4 e4 10. Nd2 d5 11. dxc5 Bxc5 12. Nxd5 Nxd5 13. Nxe4 Bb4 14.
Qxd5 Bxe1 15. Rxe1 Be6 16. Qxd8 Rfxd8 17. Bxc6 bxc6 18.
Bd4 Bf5 19. Nc5 Bxc2 20. Rc1 Bf5 21. f3 f6 22. Kf2 Kf7 23. Rc4 a5 24. e4 Be6 25.
Nxe6 Kxe6 26. Rxc6+ Rd6 27. Rc4 a4 28. b4 a3 29. Ke3 Rb8 30. Kd3 g5 31. Kc3 h5 32.
Kb3 Rbd8 33. Bc3 Rd1 34. Kxa3 Rb1 35. Rc6+ Kd7 36. Ra6 g4 37. Bxf6 Re8 38. e5 gxf3 39. gxf3 Rh1 40. h4 Rh3 41. Kb3 Rxf3+ 42. Kc4 Rc8+ 43. Kd5 Rd3+ 44. Ke4 Rd1 45. Kf5 Rf1+ 46. Kg6 Ke8 47. Ra7 Rg1+ 48. Kxh5 Kf8 49. b5 Kg8 50. b6 1-0

[Event "*** Titled Tuesday Blitz"]
[Site "Chess.com"]
[Date "2019.03.05"]
[Round "8"]
[White "MathiasWomacka"]
[Black "tomozupan"]
[Result "1/2-1/2"]
[WhiteElo "2268"]
[BlackElo "2230"]
[TimeControl "180+2"]
[EndTime "14:58:50 PST"]
[Termination "Game drawn by agreement"]

1. e4 e5 2. Nf3 Nc6 3. Bb5 Nge7 4. Nc3 d6 5. d4 exd4 6. Nxd4 Bd7 7. Be3 a6 8. Bc4 b5 9. Nxc6 Bxc6 10.
Bb3 Ng6 11. O-O Be7 12. Nd5 O-O 13. Qh5 Bf6 14. c3 Bxd5 15. Bxd5 Rc8 16. Bb7 Rb8 17. Bxa6 c6 18. a4 b4 19. cxb4 Rxb4 20. a5 Bxb2 21. Ra2 Ne5 22. Be2 Bd4 23. Bd2 Rb2 24. Rxb2 Bxb2 25.
Rb1 Bd4 26. Qh3 c5 27. Qa3 c4 28. Be3 Bxe3 29. Qxe3 Qc7 30. Qb6 Qxb6 31. axb6 Rb8 32. f4 Nd7 33. Bxc4 Rxb6 34. Ra1 Kf8 35. Ra7 Ke7 36.
Bxf7 Rb2 37. Bd5 Rc2 38. h4 h6 39. h5 Kd8 40. Kh2 Nf6 41. Rxg7 Nxh5 42. Rg6 Nxf4 43.
Rxd6+ Ke7 44. Rxh6 Rxg2+ 45. Kh1 Re2 46. Rh4 Nxd5 47.
exd5 Kd6 48. Kg1 Kxd5 49. Ra4 Rb2 50. Kf1 1/2-1/2

[Event "*** Titled Tuesday Blitz"]
[Site "Chess.com"]
[Date "2019.03.05"]
[Round "8"]
[White "Cryptochess"]
[Black "chessking2151"]
[Result "1-0"]
[WhiteElo "2553"]
[BlackElo "2585"]
[TimeControl "180+2"]
[EndTime "14:58:54 PST"]
[Termination "Cryptochess won by resignation"]

1. e4 e5 2. Nf3 Nc6 3. Bc4 Nf6 4. d3 h6 5. O-O d6 6. Nc3 g5 7. a4 Bg7 8. Re1 O-O 9. Nd2 Kh8 10. Nf1 Be6 11.
Ne3 Qd7 12. Ncd5 Ne7 13. Nxf6 Bxf6 14. Qh5 Bg7 15. h4 f6 16. Bxe6 Qxe6 17. Ng4 Qf7 18. Qxf7 Rxf7 19. hxg5 fxg5 20. g3 Kh7 21. Kg2 Kg6 22.
Ne3 Raf8 23. Rf1 Nc6 24. Nf5 Nb4 25. f4 exf4 26. gxf4 Nxc2 27. Rb1 Nb4 28. Rf3 gxf4 29. Bxf4 Nc6 30. Kh3 Kh7 31. Rg1 Be5 32. Be3 Ne7 33. Bxh6 Rxf5 34. exf5 Kxh6 35. d4 Bf6 36. Kh2 Bh4 37.
Rg4 Kh5 38. Re4 Nxf5 39. Ref4 Kg5 40. Kh3 Bg3 41. Rg4+ Kh5 42. Rgxg3 Nxg3 43. Rxf8 Ne2 44. Rf7 c6 45. Rxb7 Nxd4 46. Rd7 d5 47. Rxa7 Nb3 48. Kg3 Kg5 49. Kf3 Kf5 50. Ke3 Ke5 51. Kd3 Nc5+ 52.
Kc3 Ne4+ 53. Kc2 Kd6 54. b4 Ke5 55. Rh7 Nd6 56. a5 Nb5 57. a6 d4 58. a7 1-0

[Event "*** Titled Tuesday Blitz"]
[Site "Chess.com"]
[Date "2019.03.05"]
[Round "8"]
[White "marianokar"]
[Black "vinniethepooh"]
[Result "1-0"]
[WhiteElo "2445"]
[BlackElo "2468"]
[TimeControl "180+2"]
[EndTime "14:58:57 PST"]
[Termination "marianokar won by resignation"]

1. Nf3 d5 2. c4 d4 3. g3 Nc6 4. Bg2 e5 5. O-O g6 6. b4 Bxb4 7. Nxe5 Nxe5 8. Qa4+ Nc6 9. Bxc6+ bxc6 10. Qxb4 Ne7 11. Ba3 Bh3 12. Re1 Nf5 13. d3 h5 14. Nd2 Nd6 15. Qc5 O-O 16. Qxd4 Re8 17. Bb2 f6 18. Qxf6 Qxf6 19. Bxf6 Re6 20. Bc3 h4 21. f3 Nf5 22. Kf2 Ne3 23. Ne4 Nc2 24.
Ng5 Bf5 25. g4 Re7 26. gxf5 gxf5 27. Rg1 Nxa1 28. Bxa1 Rae8 29. e4 c5 30. Bc3 c6 31.
Ne6+ Kf7 32. Ng7 Rb8 33. Nxf5 Re6 34. Rg7+ Kf8 35. Rxa7 Rb1 36. Bg7+ Ke8 37. Nxh4 Rh1 38. Kg2 Rd1 39. a4 Rxd3 40. a5 Rd2+ 41. Kg3 Rc2 42. a6 Rxc4 43. Rc7 Ra4 44. a7 Kd8 45. Rb7 Re7 46.
Bf6 Rxa7 47. Rxa7 Kc8 48. Rxe7 c4 49. Nf5 c3 50. Bxc3 Kb8 51. h4 c5 52. h5 c4 53. h6 Kc8 54. h7 Kd8 1-0

[Event "*** Titled Tuesday Blitz"]
[Site "Chess.com"]
[Date "2019.03.05"]
[Round "8"]
[White "BlackBoarder"]
[Black "Rashad_Zeynalli"]
[Result "0-1"]
[WhiteElo "2527"]
[BlackElo "2413"]
[TimeControl "180+2"]
[EndTime "14:58:59 PST"]
[Termination "Rashad_Zeynalli won by checkmate"]

1. e4 d6 2. d4 Nf6 3. Nc3 g6 4. Be2 Bg7 5. h4 c5 6. d5 h5 7. Nf3 O-O 8. O-O e6 9. dxe6 Bxe6 10. Bg5 Nc6 11. Qd2 Qb6 12. Rab1 Nd4 13. Nxd4 cxd4 14.
Na4 Qc6 15. Qxd4 Nxe4 16. Qb4 Nxg5 17. hxg5 Qxc2 18. Bf3 a5 19. Qe4 Bf5 20. Qh4 Rac8 21. Nb6 Rc5 22. Nd5 Re8 23. Nf6+ Bxf6 24. gxf6 Qd2 25.
Rbd1 Qxb2 26. Rxd6 Rc1 27. Rxc1 Qxc1+ 28. Rd1 Re1+ 29. Rxe1 Qxe1+ 30. Kh2 Qe5+ 31. g3 Qb2 32. Kg2 Qxa2 33. Qf4 Qb2 34. Qd6 a4 35. Bd5 Be6 36.
Qd8+ Kh7 37. Bxe6 Qe2 38. Bxf7 Qe4+ 39. Kh2 Kh6 40. Qf8+ Kg5 41. Ba2 Qd4 42. Kg2 Qe4+ 43. Kg1 Qe1+ 44. Kg2 Qe4+ 45. Kh2 Qd4 46. f4+ Kg4 47.
Qc8+ Kf3 48. f7 Qf2+ 49. Kh3 Qxg3# 0-1

[Event "*** Titled Tuesday Blitz"]
[Site "Chess.com"]
[Date "2019.03.05"]
[Round "8"]
[White "Gabrielian_Artur"]
[Black "PocketPivot"]
[Result "0-1"]
[WhiteElo "2732"]
[BlackElo "2523"]
[TimeControl "180+2"]
[EndTime "14:59:02 PST"]
[Termination "PocketPivot won by resignation"]

1. e4 e6 2. d4 d5 3. Nd2 dxe4 4. Nxe4 Nd7 5. Nf3 Ngf6 6. Nxf6+ Nxf6 7. Be3 Bd6 8. Bd3 b6 9. Qe2 Bb7 10. O-O-O Qe7 11.
Ne5 O-O-O 12. f4 Nd5 13. Rhf1 Nxe3 14. Qxe3 f6 15. Nf3 Rhe8 16. g3 h6 17. Bg6 Rf8 18. Rfe1 f5 19. Ne5 Bxe5 20. Qxe5 Be4 21. Rxe4 fxe4 22. Bxe4 Rd6 23. Qb5 Kb8 24. c3 g5 25.
Qa6 c6 26. fxg5 Qxg5+ 27. Kb1 Rf2 28. a4 Qe3 29. Bc2 Qe2 30. Qxe2 Rxe2 31. h4 Rg2 32.
Rd3 e5 33. dxe5 Rxd3 34. Bxd3 Rxg3 35. Kc2 Kc7 36. h5 Kd7 37. Bf5+ Ke7 38. b4 Rg5 39. Bg6 Rxe5 40. Kd3 Kd6 41. Kd4 Re1 42. Kd3 a5 43. bxa5 bxa5 44. Kd4 Ra1 45. Bc2 Ra2 46. Bb3 Rh2 47.
Bf7 Rh4+ 48. Kd3 Rxa4 49. c4 Ra3+ 50. Kd4 Rh3 51. c5+ Ke7 52. Bg6 a4 53. Bf5 a3 0-1

[Event "*** Titled Tuesday Blitz"]
[Site "Chess.com"]
[Date "2019.03.05"]
[Round "8"]
[White "FrenchandSlav"]
[Black "Fivetrick"]
[Result "1-0"]
[WhiteElo "2292"]
[BlackElo "2445"]
[TimeControl "180+2"]
[EndTime "14:59:04 PST"]
[Termination "FrenchandSlav won by resignation"]

1. d4 Nf6 2. c4 g6 3. Nc3 Bg7 4. e4 d6 5. f3 O-O 6. Be3 e5 7. d5 c6 8. Qd2 cxd5 9. cxd5 a6 10. O-O-O b5 11. Kb1 Nbd7 12. g4 Nb6 13. Qf2 Rb8 14.
Rc1 Bd7 15. h4 b4 16. Nd1 Bb5 17. h5 Bxf1 18. Qxf1 Qd7 19. Qh3 Rfc8 20. Rxc8+ Rxc8 21. Ne2 Qc7 22. Qh2 Qc2+ 23. Ka1 Nc4 24. b3 Na3 25. Nb2 Qc7 26. Rc1 Nc2+ 27. Kb1 Na3+ 28. Ka1 Qb7 29. Qg1 Nc2+ 30. Kb1 Na3+ 31. Ka1 Nc2+ 32.
Kb1 Na3+ 33. Ka1 Nc2+ 34. Kb1 Na3+ 35. Ka1 Nc2+ 36. Kb1 Nxe3 37. Qxe3 Nd7 38. hxg6 fxg6 39. Na4 Nc5 40. Nxc5 dxc5 41. Rxc5 Rxc5 42. Qxc5 Bh6 43. d6 a5 44. Qc7 Qb5 45. Qc4+ Qxc4 46. bxc4 Bf8 47.
c5 Kf7 48. Nc1 Ke6 49. Nb3 Kd7 50. Nxa5 h6 51. Nc4 h5 52. Nxe5+ Ke6 53. Nxg6 Bg7 54. gxh5 1-0

[Event "*** Titled Tuesday Blitz"]
[Site "Chess.com"]
[Date "2019.03.05"]
[Round "8"]
[White "jflup"]
[Black "Vugar_Manafov"]
[Result "1-0"]
[WhiteElo "2386"]
[BlackElo "2408"]
[TimeControl "180+2"]
[EndTime "14:59:14 PST"]
[Termination "jflup won by resignation"]

1. e4 Nf6 2. d3 d5 3. Nd2 dxe4 4. dxe4 e5 5. Ngf3 Bc5 6. Be2 O-O 7. O-O Nbd7 8. c3 c6 9. Qc2 Qc7 10. b4 Be7 11. a3 b5 12. Nh4 Rd8 13. Nf5 Nf8 14. Nb3 Ne6 15. Nxe7+ Qxe7 16. g3 c5 17. bxc5 Bb7 18.
f3 Nxc5 19. Be3 Nxb3 20. Qxb3 Bc6 21. Rfd1 h6 22. Qb4 Qb7 23. Qa5 Rxd1+ 24. Rxd1 a6 25. Rd6 Ne8 26. Rd2 Nc7 27. Qb6 Qxb6 28. Bxb6 Ne6 29. Rd6 Rc8 30. Be3 Kf8 31. Kf2 Ke7 32. Rd1 Rd8 33. Rxd8 Kxd8 34. Ke1 Kc7 35. Kd2 h5 36. c4 g6 37. Kc3 Kd6 38. Kb4 Nc7 39. Bb6 bxc4 40. Bxc4 Nb5 41. Bxf7 Nd4 42. Bxd4 exd4 43.
Bxg6 Bb5 44. Bxh5 Be2 45. Bg4 a5+ 46. Kb3 Kc5 47. h4 a4+ 48. Kc2 Kc4 49. Be6+ Kc5 50. f4 Bf3 51. e5 Be4+ 52. Kd2 d3 53. Kc3 Bg6 54. g4 Be4 55. h5 d2 56. Kxd2 1-0

[Event "*** Titled Tuesday Blitz"]
[Site "Chess.com"]
[Date "2019.03.05"]
[Round "8"]
[White "MITerryble"]
[Black "vugarrasulov"]
[Result "1-0"]
[WhiteElo "2832"]
[BlackElo "2777"]
[TimeControl "180+2"]
[EndTime "14:59:15 PST"]
[Termination "MITerryble won by resignation"]

1. d4 Nf6 2. Nf3 c5 3. dxc5 e6 4. e3 Bxc5 5. c4 O-O 6. a3 d5 7.
Nbd2 b6 8. b4 Be7 9. Bb2 Bb7 10.
Be2 Nbd7 11. O-O Rc8 12. Rc1 Ne4 13. cxd5 Rxc1 14. Qxc1 Nxd2 15. Qxd2 Bxd5 16. Rc1 Bf6 17. Bxf6 Nxf6 18. Ne5 Ne4 19. Qd4 Qh4 20. g3 Qf6 21. f3 Ng5 22. e4 Bb7 23. h4 Nh3+ 24. Kg2 Rd8 25. Qc3 g5 26. Kxh3 Rc8 27. Qd2 Qxe5 28. Rxc8+ Bxc8 29. Qd8+ Kg7 30. Qxc8 Qa1 31. Kg2 gxh4 32.
gxh4 Qxa3 33. Qc4 Qe3 34. Qd3 Qf4 35. Qd4+ e5 36. Qf2 Qd2 37. b5 Kf6 38. Bf1 Qf4 39. Qg3 Qd2+ 40. Kh3 Qc1 41. Qg5+ Qxg5 42. hxg5+ Kxg5 43.
Kg3 h5 44. Bc4 f6 45. Be6 h4+ 46. Kh3 Kf4 47. Bg4 Kg5 48. Kg2 Kg6 49. Kh2 Kh6 50. Be6 Kg5 51. Bf5 Kf4 52. Kh3 Kxf3 53. Kxh4 Ke3 54. Kh5 Kd4 55. Kg6 Kc5 56. Bd7 Kd6 57. Bc6 a5 58. Kxf6 a4 59. Bd5 a3 60. Kf5 Kc5 61.
Kxe5 Kxb5 62. Kd4 Ka4 63. e5 b5 64. e6 b4 65. e7 b3 66. e8=Q+ 1-0

[Event "*** Titled Tuesday Blitz"]
[Site "Chess.com"]
[Date "2019.03.05"]
[Round "8"]
[White "CzechmVIII"]
[Black "StanislavNovikov"]
[Result "0-1"]
[WhiteElo "2128"]
[BlackElo "2631"]
[TimeControl "180+2"]
[EndTime "14:59:15 PST"]
[Termination "StanislavNovikov won by resignation"]

1. e4 c5 2. Nf3 e6 3. Nc3 a6 4. g3 b5 5. d4 cxd4 6. Nxd4 Bb7 7. Bg2 Qc7 8. O-O Nc6 9. Nxc6 Qxc6 10.
Re1 Bb4 11. a4 bxa4 12. Qg4 Kf8 13. Qe2 Ne7 14. Be3 f6 15. Red1 Bxc3 16. bxc3 Kf7 17.
Rab1 Qc8 18. Rd4 Bc6 19. Rdb4 h5 20. e5 Bxg2 21. Kxg2 fxe5 22. Qf3+ Nf5 23. Bg5 Qc6 24. Qxc6 dxc6 25. Rb7+ Kg6 26. h4 Rhc8 27. Ra1 Rab8 28. Rxb8 Rxb8 29. Rxa4 Rb6 30. Kf3 Nd6 31. Be3 Rb2 32.
Rxa6 e4+ 33. Kg2 Nf5 34. Bc5 Rxc2 35. Rxc6 e3 36. Kf1 Rxf2+ 37. Ke1 Rg2 38. Rxe6+ Kf7 39.
Re5 Kf6 40. Re8 Rxg3 41. c4 Rh3 42. Ke2 Rxh4 43. Bxe3 Nxe3 44. Rxe3 Rxc4 45. Rf3+ Kg5 46. Rg3+ Rg4 47. Ra3 Rf4 48. Ra5+ Kh6 49. Ke3 Rf8 50. Ra6+ g6 51. Ra7 h4 52. Ra5 g5 53. Ke2 Kh5 54.
Ra3 Rf5 55. Ra8 h3 56. Rh8+ Kg4 57. Rh7 Kg3 0-1

[Event "*** Titled Tuesday Blitz"]
[Site "Chess.com"]
[Date "2019.03.05"]
[Round "8"]
[White "pedro_gines"]
[Black "Zarikovs1999"]
[Result "1-0"]
[WhiteElo "2406"]
[BlackElo "2294"]
[TimeControl "180+2"]
[EndTime "14:59:24 PST"]
[Termination "pedro_gines won on time"]

1. Nf3 Nf6 2. b3 b6 3. Bb2 Bb7 4. g3 g6 5. Bg2 Bg7 6. O-O O-O 7. c4 c5 8. d4 cxd4 9. Nxd4 Bxg2 10. Kxg2 d5 11.
cxd5 Nxd5 12. Qd2 e5 13. Nf3 Nc6 14. Rd1 Ndb4 15. a3 Na6 16. Nc3 Qxd2 17. Nxd2 Rad8 18. b4 Nd4 19. e3 Ne6 20. Nde4 f5 21. Nd6 e4 22.
Na4 Bxb2 23. Nxb2 Rd7 24. Nb5 Rfd8 25. Rxd7 Rxd7 26. Rd1 Re7 27. Nc4 Nb8 28. Rd6 Kf7 29.
Ne5+ Kf6 30. Nc6 Nxc6 31. Rxc6 Ke5 32. h4 Kd5 33. Rc8 a6 34. Nc3+ Kd6 35. Na4 Rb7 36. h5 gxh5 37. Ra8 h4 38. Rxa6 hxg3 39. fxg3 Rc7 40.
Rxb6+ Ke5 41. Rb5+ Kf6 42. Nc5 Ng5 43. Rb6+ Ke5 44. a4 Rc8 45. Nd7+ Kd5 46. Nf6+ Ke5 47. Nd7+ Kd5 48. Nc5 Kc4 49. a5 Rd8 50. g4 fxg4 51.
a6 h5 52. a7 Rd2+ 53. Kg3 h4+ 54. Kxg4 Rg2+ 55. Kf5 h3 56. a8=Q h2 57. Qa6+ Kc3 58. Qa3+ 1-0

[Event "*** Titled Tuesday Blitz"]
[Site "Chess.com"]
[Date "2019.03.05"]
[Round "8"]
[White "IakovUlivar"]
[Black "Stephenzinho"]
[Result "1-0"]
[WhiteElo "2513"]
[BlackElo "2401"]
[TimeControl "180+2"]
[EndTime "14:59:25 PST"]
[Termination "IakovUlivar won by resignation"]

1. e4 e5 2. Nc3 Nc6 3. g3 Bc5 4. Bg2 d6 5. d3 Be6 6. Nf3 Nf6 7. O-O Qd7 8. Na4 Bh3 9. Bg5 Ng8 10. c3 h6 11.
Nxc5 dxc5 12. Be3 b6 13. d4 Bxg2 14. Kxg2 cxd4 15. cxd4 exd4 16. Nxd4 O-O-O 17. Nf5 Qxd1 18. Rfxd1 Rxd1 19. Rxd1 g6 20. Nd4 Nge7 21. Nxc6 Nxc6 22. f4 h5 23. Kf3 Re8 24. h3 a6 25. b3 Nb4 26. a3 Nc6 27. b4 b5 28. Rd5 Kb7 29.
e5 Nd8 30. g4 hxg4+ 31. hxg4 Nc6 32. Ke4 Kc8 33. f5 gxf5+ 34. gxf5 Rh8 35. e6 fxe6 36.
fxe6 Rh4+ 37. Bf4 Ne7 38. Rg5 Nc6 39. Rg8+ Kb7 40. Rg7 a5 41. e7 Nxe7 42. Rxe7 axb4 43. axb4 Kb6 44. Re6+ c6 45. Ke5 Rh5+ 46. Kd4 Rd5+ 47. Kc3 Rd1 48. Be3+ Kc7 49. Re7+ Kc8 50. Bc5 Rc1+ 51.
Kd4 Rc4+ 52. Ke5 Kd8 53. Rh7 Rc1 54. Kd6 Rd1+ 55. Kxc6 1-0

[Event "*** Titled Tuesday Blitz"]
[Site "Chess.com"]
[Date "2019.03.05"]
[Round "8"]
[White "MFguimaraes"]
[Black "Maili15"]
[Result "0-1"]
[WhiteElo "2294"]
[BlackElo "2284"]
[TimeControl "180+2"]
[EndTime "14:59:30 PST"]
[Termination "Maili15 won by resignation"]

1. e4 c5 2. Nf3 d6 3. d4 cxd4 4. Nxd4 Nf6 5. Nc3 a6 6. Bg5 e6 7. f4 Be7 8. Qf3 Nbd7 9. O-O-O Qc7 10. Bd3 b5 11. Rhe1 Bb7 12. Qg3 h6 13. Bh4 g5 14. fxg5 Rg8 15. Qf2 hxg5 16. Bg3 Ng4 17. Qe2 Nge5 18. Kb1 Rc8 19. a3 Nc4 20. Bxc4 Qxc4 21.
Qh5 Nf6 22. Qf3 b4 23. axb4 Qxb4 24. Nb3 a5 25. Bxd6 Bxd6 26. Qxf6 a4 27. Rd4 Rc4 28. Red1 Be7 29. Qe5 axb3 30. Qb8+ Bc8 31. Qxb4 bxc2+ 32. Kxc2 Rxb4 33. Rxb4 Bxb4 34. Ra1 Bd6 35. Ra8 Ke7 36. g3 Rd8 37. Nb5 Be5 38. b3 Bd7 39. Ra7 Rc8+ 40. Kd3 Ke8 41. Nd4 Bxd4 42. Kxd4 Ke7 43. h4 gxh4 44.
gxh4 Kd6 45. e5+ Ke7 46. Ra2 Rh8 47. Rh2 f6 48. exf6+ Kxf6 49. b4 e5+ 50. Kd5 Be6+ 51. Kd6 Rd8+ 52. Kc7 Rc8+ 53. Kd6 Rd8+ 54. Kc7 Rd7+ 55.
Kc6 e4 56. h5 e3 57. h6 Rd2 58. Rh3 Rc2+ 59. Kd6 Bxh3 60. h7 Kg7 0-1

[Event "*** Titled Tuesday Blitz"]
[Site "Chess.com"]
[Date "2019.03.05"]
[Round "8"]
[White "Chessialist"]
[Black "Andrei_Belozerov"]
[Result "0-1"]
[WhiteElo "2489"]
[BlackElo "2497"]
[TimeControl "180+2"]
[EndTime "14:59:37 PST"]
[Termination "Andrei_Belozerov won by resignation"]

1. c4 c6 2. Nc3 d5 3. e3 Nf6 4. Qc2 g6 5. Nf3 Bg7 6. b3 O-O 7. Bb2 Re8 8. Be2 Bf5 9. d3 e5 10.
O-O d4 11. Ne4 Bxe4 12. dxe4 dxe3 13. fxe3 Nbd7 14. c5 Qe7 15. b4 a5 16. a3 Ng4 17.
Qb3 Bh6 18. Ng5 Bxg5 19. Bxg4 Nf6 20. Bf3 Red8 21. Rad1 axb4 22. axb4 h5 23. g3 Bh6 24. Kg2 Bg5 25. Be2 Ng4 26. Bxg4 hxg4 27. Rd6 Rxd6 28.
cxd6 Qd7 29. Bxe5 Re8 30. Bf4 Bf6 31. Qc4 g5 32. e5 gxf4 33. exf4 Bxe5 34. fxe5 Rxe5 35. Rf6 Kg7 36. Qf4 Re2+ 37. Kf1 Re6 38. Rxe6 fxe6 39. Qxg4+ Kf7 40. Qf4+ Kg7 41. Qe5+ Kf7 42.
g4 b6 43. g5 Kg6 44. h4 c5 45.
Kf2 cxb4 46. Kg3 Qa4 47. Qf6+ Kh7 48. g6+ Kh6 49. Kf4 b3+ 50. Ke5 Qb5+ 51. Kxe6 b2 52.
Qh8+ Kxg6 53. d7 Qe2+ 54. Kd6 Qd3+ 55. Kc7 b1=Q 56. Qg8+ Kh6 57. Qh8+ Kg6 58. Qg8+ Kf5 59. Qh7+ Kg4 60. Qxd3 Qxd3 0-1

[Event "*** Titled Tuesday Blitz"]
[Site "Chess.com"]
[Date "2019.03.05"]
[Round "8"]
[White "ahkashefi2800"]
[Black "TBergh98"]
[Result "1-0"]
[WhiteElo "2268"]
[BlackElo "2372"]
[TimeControl "180+2"]
[EndTime "14:59:44 PST"]
[Termination "ahkashefi2800 won by resignation"]

1. d4 d6 2. Nf3 Nf6 3. Bg5 Nbd7 4. Nc3 c6 5. e4 Qa5 6. Qd2 e5 7. Bc4 b5 8. dxe5 dxe5 9. Bxf6 bxc4 10. Bh4 Bb4 11. O-O f6 12. Rfd1 O-O 13. Qe2 Nb6 14. Nb1 Bg4 15. c3 Bc5 16. Nbd2 Qb5 17. h3 Bh5 18.
Rab1 Rfd8 19. g4 Bf7 20. b4 Be7 21. Nf1 Rd3 22. Rxd3 cxd3 23. Qd1 Rd8 24. Rb2 Nc4 25. Rb3 Nd6 26. c4 Bxc4 27. N3d2 Bf7 28. Rc3 Nc4 29.
Nxc4 Bxc4 30. Nd2 Bf7 31. a3 c5 32. bxc5 Bxc5 33. Nf3 Bb6 34. Kg2 g5 35. Bg3 Bc4 36. a4 Qa6 37. Ra3 Bc5 38. Ra1 Bb4 39. Nd2 Be6 40.
Nf1 d2 41. Ne3 Qd3 42. Qf3 Kf7 43. Bxe5 Be7 44. Rd1 Bc8 45. Bxf6 Bxf6 46. e5 Rd7 47. Qxf6+ Kg8 48. Qxg5+ Rg7 49. Qh5 Bb7+ 50. Kh2 Qd7 51.
e6 Qd6+ 52. Kg1 Re7 53. Nf5 Qxe6 54. Qg5+ Kf8 55. Qxe7+ Qxe7 56. Nxe7 Kxe7 57. Rxd2 Bf3 58. a5 Bc6 59. Kh2 Bd5 60. Rxd5 1-0

[Event "*** Titled Tuesday Blitz"]
[Site "Chess.com"]
[Date "2019.03.05"]
[Round "8"]
[White "gmjoey1"]
[Black "champ2005"]
[Result "1-0"]
[WhiteElo "2737"]
[BlackElo "2778"]
[TimeControl "180+2"]
[EndTime "14:59:52 PST"]
[Termination "gmjoey1 won by resignation"]

1. e4 e5 2. Nf3 Nf6 3. Nc3 Nc6 4. Bb5 Bb4 5. O-O O-O 6. Nd5 Nxd5 7. exd5 e4 8. dxc6 dxc6 9. Be2 exf3 10. Bxf3 Be6 11. c3 Bd6 12. d4 Qh4 13. g3 Qf6 14. Bg2 Bd5 15. Bxd5 cxd5 16. Qb3 Qf5 17. Qxb7 h5 18.
Qa6 h4 19. Re1 Rab8 20. b3 Qc2 21. Be3 Qxc3 22. Rac1 Qb4 23. gxh4 Rbe8 24. f3 Rxe3 25. Rxe3 Bxh2+ 26. Kxh2 Qd2+ 27. Qe2 Qxc1 28. Kg2 c6 29. h5 a5 30. f4 Qb1 31. Rg3 Qf5 32. Qe5 Qxe5 33.
fxe5 Rb8 34. Rc3 Rb6 35. Kg3 Kh7 36. Kf4 Kh6 37. Kf5 Ra6 38. Rg3 a4 39. b4 a3 40. Rc3 Kh7 41. Rc5 Kh6 42. b5 cxb5 43. Rxb5 Kxh5 44. Rxd5 g6+ 45. Ke4 g5 46. Kf5 g4 47. Rd8 g3 48. Rb8 g2 49. Rb1 Rg6 50. Rg1 Kh4 51. e6 Rxe6 52. Rxg2 Rd6 53. Ke5 Re6+ 54.
Kf5 Rd6 55. Rd2 Kg3 56. d5 f6 57. Rd3+ Kf2 58. Ke4 Ke2 59. Rxa3 Kd2 60. Rf3 Kc2 61.
a4 Kb2 62. a5 Ra6 63. Kf5 Rxa5 64. Ke6 Ra6+ 65. d6 1-0